Map: Odyssey LE

Players

soO - Winner!

  • Race: Zerg Zerg
  • Spawn Location: 5:00

SpeCial

  • Race: Terran Terran
  • Spawn Location: 11:00

Event: 2017 WCS Global Finals

VOD

Have the link to the VOD?

Description

Time

  • Played on: Nov. 4, 2017, 3:17 p.m.
  • Length: 15:47

All games in this series

Show
View Real Time Build Order
Export as new Build Order

soO Zerg - Winner!

Build Orders: Hatch First 

Get SALT Encoding   

  12  0:00  Drone  
  13  0:12  Overlord  
  13  0:17  Drone  
  14  0:30  Drone x2  
  14  0:33  Drone  
  17  0:52  Hatchery  
  17  0:54  Drone  
  18  0:57  Drone  
  18  1:07  Extractor  
  17  1:12  Spawning Pool  
  17  1:15  Drone  
  17  1:19  Drone  
  18  1:28  Drone  
  19  1:38  Overlord  
  19  1:58  Queen  
  19  1:59  Zergling x4  
  23  2:03  Queen  
  23  2:04  Zergling x2  
  23  2:07  Metabolic Boost  
  26  2:12  Drone  
  26  2:15  Drone  
  28  2:29  Hatchery  
  27  2:32  Drone  
  27  2:34  Drone  
  29  2:38  Drone  
  29  2:44  Queen  
  30  2:49  Overlord  
  32  2:52  Drone  
  32  2:54  Drone  
  32  2:57  Drone  
  35  2:59  Drone  
  36  3:10  Drone  
  36  3:11  Drone x4  
  41  3:14  Overlord  
  41  3:17  Drone  
  42  3:20  Drone  
  43  3:32  Drone  
  44  3:34  Queen  
  44  3:38  Queen, Drone  
  49  3:42  Queen, Drone  
  49  3:48  Drone  
  53  3:50  Roach Warren  
  52  3:56  Overlord  
  52  3:57  Drone  
  52  3:59  Zergling x4  
  52  4:01  Drone  
  52  4:02  Spore Crawler  
  55  4:09  Overlord  
  55  4:10  Overlord  
  55  4:15  Drone x3  
  57  4:20  Lair  
  57  4:28  Extractor  
  57  4:29  Extractor  
  57  4:30  Drone x2  
  57  4:31  Drone x3  
  60  4:34  Roach x3  
  66  4:39  Roach  
  66  4:40  Drone x2  
  66  4:44  Spore Crawler  
  69  4:46  Drone  
  70  4:53  Drone x2  
  70  4:54  Drone x2  
  70  4:58  Overlord  
  74  5:02  Overlord  
  74  5:12  Overlord  
  73  5:17  Roach x2  
  73  5:18  Roach x3  
  74  5:30  Drone x8  
  74  5:31  Drone x3  
  80  5:40  Ravager  
  80  5:42  Overseer  
  81  5:46  Zergling x4  
  81  5:47  Drone  
  81  5:48  Drone x2  
  81  5:51  Drone  
  81  5:58  Drone x3  
  84  6:07  Drone x2  
  86  6:14  Drone x2  
  86  6:17  Drone x3  
  91  6:18  Drone x2  
  91  6:19  Drone  
  91  6:22  Glial Reconstitution  
  91  6:25  Evolution Chamber  
  92  6:27  Evolution Chamber, Drone x3  
  92  6:31  Spore Crawler  
  93  6:33  Drone  
  93  6:37  Overlord  
  93  6:38  Overlord  
  94  6:40  Overlord  
  94  6:41  Overlord  
  94  6:42  Overlord  
  94  6:47  Overseer  
  94  6:51  Overlord  
  94  6:53  Roach x2  
  94  6:54  Roach, Overlord  
  98  7:00  Drone  
  98  7:01  Drone  
  100  7:02  Zerg Missile Weapons Level 1, Zerg Ground Armor Level 1  
  100  7:03  Extractor x2  
  100  7:05  Drone x2  
  100  7:06  Roach  
  100  7:07  Roach  
  104  7:14  Drone x2  
  106  7:20  Roach  
  106  7:21  Roach x5  
  117  7:23  Roach  
  119  7:30  Roach x3  
  119  7:32  Overlord  
  119  7:34  Roach x2  
  127  7:41  Roach x4  
  127  7:44  Overlord  
  133  7:45  Overlord  
  127  7:55  Drone x3  
  127  7:56  Extractor, Hydralisk Den  
  128  7:59  Drone x2  
  128  8:01  Roach x2  
  134  8:06  Drone  
  134  8:07  Drone  
  134  8:12  Hatchery  
  135  8:15  Tunneling Claws  
  135  8:16  Burrow  
  131  8:29  Roach  
  131  8:30  Roach  
  131  8:31  Roach  
  122  8:35  Roach  
  122  8:37  Muscular Augments  
  122  8:38  Roach x2  
  122  8:41  Hydralisk  
  114  8:42  Hydralisk  
  114  8:43  Roach x2  
  114  8:48  Roach x2  
  108  8:51  Roach x3  
  108  8:53  Roach  
  114  8:56  Roach x2  
  114  9:00  Roach x2  
  122  9:11  Hydralisk x3  
  122  9:12  Roach x3  
  134  9:19  Drone  
  134  9:20  Drone x4  
  134  9:22  Roach  
  134  9:24  Roach x2  
  145  9:31  Overlord  
  145  9:32  Zerg Missile Weapons Level 2  
  145  9:36  Drone x3  
  148  9:43  Extractor  
  147  9:47  Zerg Ground Armor Level 2  
  147  9:50  Roach x4  
  147  9:51  Roach x7  
  147  9:52  Roach  
  163  9:55  Roach x2  
  163  9:59  Roach x2  
  171  10:00  Overlord  
  171  10:04  Roach x4  
  171  10:06  Roach x13  
  177  10:09  Roach x2  
  174  10:15  Roach  
  174  10:16  Hydralisk x3  
  174  10:19  Hydralisk  
  183  10:28  Drone x5  
  181  10:32  Infestation Pit  
  179  10:37  Hydralisk x5  
  189  10:47  Spine Crawler  
  186  10:58  Overseer x2  
  182  11:07  Drone x2  
  182  11:09  Overlord x2  
  184  11:12  Hive  
  184  11:14  Hatchery  
  182  11:29  Roach x10  
  200  11:38  Roach  
  193  11:44  Roach x3  
  193  11:45  Roach  
  190  11:48  Roach x5  
  190  11:50  Roach  
  190  11:51  Roach x2  
  188  11:54  Roach  
  188  11:55  Roach  
  188  11:56  Roach  
  188  11:58  Roach x2  
  188  11:59  Roach x2  
  188  12:00  Roach, Hatchery  
  193  12:04  Overlord  
  193  12:08  Overlord  
  193  12:14  Roach x2  
  193  12:15  Roach  
  181  12:23  Roach x2  
  181  12:24  Roach  
  161  12:42  Hatchery  
  158  12:47  Hydralisk x2  
  158  12:50  Hatchery  
  161  12:55  Hydralisk  
  163  13:00  Drone  
  164  13:08  Viper x2  
  170  13:14  Drone  
  170  13:18  Roach  
  173  13:24  Drone x2  
  175  13:31  Viper  
  178  13:47  Drone  
  178  13:48  Drone x2  
  181  13:54  Hydralisk x4  
  189  14:00  Spore Crawler  
  188  14:08  Spire  
  187  14:10  Drone x2  
  187  14:11  Drone x2  
  187  14:14  Drone  
  192  14:28  Drone x3  
  192  14:29  Extractor, Drone  
  192  14:30  Extractor  
  193  14:38  Drone x3  
  193  14:39  Drone x3  
  193  14:43  Drone x2  
  193  14:45  Extractor  
  189  15:22  Hatchery  
  179  15:44  Extractor  
Show
View Real Time Build Order
Export as new Build Order

SpeCial Terran 

Build Orders: Hellion Banshee, Mech 

Get SALT Encoding   

  12  0:00  SCV  
  13  0:12  SCV  
  14  0:17  Supply Depot  
  14  0:24  SCV  
  15  0:39  SCV  
  15  0:40  Barracks  
  16  0:43  Refinery  
  16  0:51  SCV  
  17  1:03  SCV  
  18  1:15  SCV  
  19  1:27  Orbital Command, Marine  
  20  1:39  Command Center  
  20  1:45  Marine  
  21  1:53  Factory  
  21  1:58  SCV  
  22  2:04  Supply Depot  
  22  2:07  Barracks Reactor  
  22  2:10  SCV  
  23  2:15  Refinery  
  23  2:26  SCV  
  24  2:38  SCV  
  24  2:40  Starport  
  25  2:46  Hellion  
  25  2:47  Hellion  
  25  2:50  SCV  
  30  2:54  Orbital Command, Barracks Tech Lab  
  30  3:02  SCV  
  31  3:08  Hellion x2  
  35  3:14  SCV  
  36  3:20  SCV  
  36  3:22  Supply Depot  
  36  3:25  Viking  
  39  3:28  SCV  
  39  3:32  SCV  
  39  3:33  Hellion  
  43  3:38  Hellion  
  45  3:42  SCV  
  45  3:44  SCV  
  45  3:45  Supply Depot  
  45  3:47  Cloaking Field  
  47  3:54  SCV  
  48  3:55  Medivac  
  48  3:56  SCV  
  48  4:02  Armory  
  51  4:07  Hellion  
  51  4:08  Hellion  
  51  4:09  SCV  
  56  4:11  SCV  
  56  4:16  Supply Depot  
  57  4:21  SCV  
  57  4:23  SCV  
  59  4:25  Banshee  
  62  4:38  SCV x2, Hellion x2  
  68  4:40  Supply Depot  
  68  4:50  SCV x2  
  70  5:02  SCV x2, Hellion x2  
  70  5:03  Supply Depot  
  76  5:08  Command Center  
  76  5:14  SCV x2, Hellion x2  
  76  5:17  Banshee  
  75  5:26  SCV x2  
  65  5:38  SCV x2, Barracks Reactor  
  65  5:39  Factory  
  65  5:41  Hellion x2  
  71  5:50  SCV x2  
  69  5:59  Refinery, Terran Vehicle Weapons Level 1  
  69  6:00  Supply Depot, Banshee, Refinery  
  69  6:02  SCV x2  
  74  6:07  Supply Depot  
  74  6:08  Hellion x2  
  78  6:14  SCV x2  
  80  6:20  Orbital Command  
  80  6:22  Supply Depot  
  80  6:27  SCV x2  
  86  6:34  Cyclone  
  86  6:35  Cyclone x2  
  86  6:37  Supply Depot, Cyclone  
  86  6:39  SCV x2  
  96  6:51  SCV x2  
  96  6:53  Orbital Command  
  98  7:01  Factory  
  98  7:02  Factory  
  98  7:03  SCV x2  
  98  7:08  Factory  
  100  7:12  Hellion x2  
  100  7:15  SCV x2  
  106  7:19  SCV  
  106  7:22  Refinery x2  
  107  7:24  Hellion x2  
  107  7:25  Starport Reactor  
  107  7:27  SCV x2  
  107  7:28  Supply Depot  
  113  7:31  SCV  
  113  7:33  Supply Depot, Hellion  
  113  7:34  Armory  
  116  7:39  SCV x2  
  116  7:40  Hellion  
  116  7:43  SCV  
  108  7:51  SCV x2  
  108  7:52  Factory Tech Lab x2  
  108  7:53  Siege Tank  
  108  7:55  SCV  
  112  8:01  Hellion x2  
  112  8:02  Hellion, Cyclone  
  121  8:13  Siege Tank  
  121  8:17  SCV x2  
  126  8:22  Cyclone  
  126  8:25  Hellion x2, Siege Tank  
  132  8:27  Siege Tank  
  132  8:28  SCV  
  132  8:29  SCV  
  122  8:39  Hellion  
  111  8:42  SCV x2  
  111  8:45  SCV  
  111  8:46  Cyclone x2  
  117  8:53  Supply Depot x2, Hellion  
  117  8:55  Hellion  
  121  8:59  Siege Tank  
  121  9:00  Terran Vehicle And Ship Armor Level 1  
  121  9:01  Supply Depot x2  
  121  9:02  Supply Depot  
  126  9:06  Infernal Pre-Igniter  
  126  9:09  Hellion  
  128  9:12  Command Center  
  128  9:15  Hellion  
  128  9:16  Hellion  
  132  9:19  Liberator x2, Hellion x2  
  132  9:21  Supply Depot  
  132  9:23  Supply Depot  
  132  9:24  Engineering Bay  
  134  9:26  Siege Tank  
  134  9:30  Hellion  
  137  9:31  Supply Depot  
  137  9:33  SCV  
  137  9:36  Hellion  
  137  9:38  Hellion  
  148  9:40  Hellion  
  148  9:45  Siege Tank  
  154  9:51  Missile Turret  
  154  9:55  Missile Turret  
  154  9:59  Hellion  
  156  10:01  Hellion  
  156  10:02  Hellion  
  156  10:05  Hellion x2, Siege Tank  
  165  10:07  Missile Turret  
  165  10:09  Liberator x2  
  165  10:13  SCV x2  
  154  10:16  SCV  
  154  10:17  Siege Tank  
  154  10:20  Hellion  
  152  10:25  SCV x2  
  160  10:30  Hellion x2  
  160  10:31  Command Center, Hellion x2  
  168  10:37  Siege Tank  
  168  10:38  Supply Depot  
  168  10:40  Supply Depot  
  168  10:42  Supply Depot  
  171  10:43  Supply Depot  
  171  10:49  Supply Depot  
  167  10:50  Supply Depot  
  167  10:51  Supply Depot x2  
  164  10:59  Hellion x3, Siege Tank x2  
  176  11:06  Hellion  
  176  11:09  Siege Tank  
  181  11:23  Hellion  
  183  11:31  Siege Tank x2  
  183  11:33  Liberator x2, Hellion  
  172  11:40  Hellion  
  172  11:41  Siege Tank  
  172  11:44  Hellion  
  172  11:46  SCV x2  
  155  11:53  Hellion  
  153  11:55  Hellion  
  152  12:03  Siege Tank  
  145  12:25  Hellion  
  145  12:26  Hellion, Engineering Bay  
  113  12:30  Barracks, Hellion  
  107  12:57  Viking x2  
  111  13:01  Missile Turret  
  111  13:07  Terran Vehicle Weapons Level 2  
  111  13:15  Missile Turret  
  111  13:20  Orbital Command  
  111  13:22  Siege Tank  
  111  13:25  Hellion  
  113  13:29  Hellion  
  113  13:35  Hellion, Siege Tank  
  113  13:36  Hellion x2  
  113  13:40  Refinery  
  114  13:53  Sensor Tower  
  114  13:54  Hellion x2  
  118  13:58  Siege Tank  
  118  14:02  Viking  
  123  14:07  Viking  
  125  14:26  Orbital Command  
  122  14:32  Thor, Hellion x3  
  122  14:37  Siege Tank  
  137  14:40  Viking  
  139  15:02  Sensor Tower  
  142  15:07  Siege Tank  
  142  15:09  Siege Tank  
  136  15:15  Hellion x2  
Tags
 
Add a new tag
Caveats
  • Supply blocks, unpowered buildings, or Contaminate may cause inaccurate times.
  • Supply counts are checked every 10 seconds.